Unix NetHack Version 5.0.0-0 post-release - last build May  3 2026 23:40:34 (9823c992c0763bbd039eca2974112f46eaf799b3,branch:main).

Game began 2026-05-04 01:34:01, ended 2026-05-04 03:02:11.

Kwijibo4686, neutral male human Wizard

                     ------
                     |....|             ------       ------
   ---------   ######-....|            #-.....#      |....|    ----------
   |.......|   #     |.....#           #|..@.|#      |....|   #.........|
   |.......-####     |....|#           #------#      |....| ###|..<.....|
   |.......|         .....|#          ##      #      |....| #  |........|
   ---|---.-         ----|-##         #       #      |.....##  |........|
      #   ####           #####`########       #      |....|    |........|
      ###### ##              # -------#       #      ----.-    ----------
           #  #              # |.....|#       #        ###
           ## #              ##......|#       #        #
         ---|-.------          |.....|####    #        #
         |..........|#   ######..%..`.#  ####### #######
         |........>.|#####     |.....|       #-.-.------
         |...........#         -------       #|........|
         |..........|                        #|........|
         ------------                        #|........|
                                             #-........|
                                              -------#--

Kwijibo4686 the Evoker    St:17 Dx:13 Co:12 In:16 Wi:10 Ch:7  Neutral
Dlvl:2  $:21 HP:10(19) Pw:12(17) AC:8  Xp:2 T:467 

Latest messages:
 You stop.  Your kitten is in the way!
 The door opens.
 You descend the stairs.
 You climb up the stairs.
 You descend the stairs.
 You hear some noises.
 You hear some noises in the distance.
 You hear some noises.
 It misses the dwarf.  The dwarf thrusts his broad short sword.  The dwarf hits!
 In what direction? 6
 The spell misses the dwarf.  The dwarf thrusts his broad short sword.  The dwarf just misses!
 You miss the dwarf.  The dwarf thrusts his broad short sword.  The dwarf hits!  It misses the dwarf.
 What do you want to zap? [cu or ?*] c
 In what direction? 6
 The magic missile misses the dwarf.  You kill it!  You hear the rumble of distant thunder...  You kill the dwarf!  Welcome to experience level 2.
 The magic missile hits you!  The missiles bounce off!
 There are several objects here.
 You see here a kitten corpse.
 You attack thin air.
 You climb up the stairs.
 Restoring save file...
 Hello Kwijibo4686, the human Wizard, welcome back to NetHack!
 You are lucky!  Full moon tonight.
 Really quit without saving? [yn] (n) y
 Do you want your possessions identified? [ynq] (y) q

Inventory:
 Coins    ('$')
  $ - 21 gold pieces
 Weapons  (')')
  a - a blessed +1 quarterstaff (weapon in hands)
 Armor    ('[')
  r - an uncursed +0 pair of jumping boots (being worn)
  b - an uncursed +0 cloak of magic resistance (being worn)
 Comestibles  ('%')
  t - an uncursed food ration
 Scrolls  ('?')
  k - an uncursed scroll of identify
  j - 2 uncursed scrolls of light
  i - an uncursed scroll of magic mapping
  p - an uncursed scroll of remove curse
  v - a blessed scroll of teleportation
 Spellbooks  ('+')
  s - an uncursed spellbook of cure blindness
  m - an uncursed spellbook of cure sickness
  l - a blessed spellbook of force bolt
 Potions  ('!')
  f - an uncursed potion of confusion
  w - an uncursed potion of levitation
  g - an uncursed potion of restore ability
  h - an uncursed potion of water
 Rings    ('=')
  e - an uncursed ring of free action
  q - an uncursed +1 ring of gain strength
  d - an uncursed ring of stealth
 Wands    ('/')
  u - a wand of cold (0:7)
  c - a wand of magic missile (0:3)
 Tools    ('(')
  o - an uncursed blindfold
  n - a magic marker (0:20)
  x - an uncursed skeleton key

Kwijibo4686 the Wizard's attributes:

Background:
 You were an Evoker, a level 2 male human Wizard.
 You were neutral, on a mission for Thoth
 who was opposed by Ptah (lawful) and Anhur (chaotic).
 You were right-handed.
 You were in the Dungeons of Doom, on level 2.
 You entered the dungeon 467 turns ago.
 It was nighttime.
 There was a full moon in effect when your adventure ended.
 You had 21 experience points, 19 more were needed to attain level 3.

Basics:
 You had 10 out of 19 hit points.
 You had 12 out of 17 energy points (spell power).
 Your armor class was 8.
 Your wallet contained 21 zorkmids.
 Autopickup was on for '$?!/="' plus thrown.

Final Characteristics:
 Your strength was 17 (limit:18/100).
 Your dexterity was 13 (limit:18).
 Your constitution was 12 (limit:18).
 Your intelligence was 16 (limit:18).
 Your wisdom was 10 (limit:18).
 Your charisma was 7 (limit:18).

Final Status:
 You weren't hungry.
 You were unencumbered.
 You were wielding a quarterstaff.
 You had basic skill with quarterstaff.

Final Attributes:
 You had transgressed.
 You were magic-protected.
 You could jump.
 You were warded.
 You survived.

Miscellaneous:
 You didn't encounter any bones levels.
 Total elapsed playing time was 34 minutes and 24 seconds.

Major events:
 Turn
    1: Kwijibo4686 the neutral male human Wizard entered the dungeon
  443: entered the Gnomish Mines
  467: quit

Spells:
 Name                 Level Category     Fail Retention
 force bolt             1   attack         0%  91%-100%
 cure sickness          3   healing       98%  76%-100%

Skills:
 Fighting Skills
   bare handed combat [Unskilled]
   riding             [Unskilled]
 Weapon Skills
   dagger             [Unskilled]
   knife              [Unskilled]
   axe                [Unskilled]
   short sword        [Unskilled]
   club               [Unskilled]
   mace               [Unskilled]
   quarterstaff       [Basic]
   polearms           [Unskilled]
   spear              [Unskilled]
   trident            [Unskilled]
   sling              [Unskilled]
   dart               [Unskilled]
   shuriken           [Unskilled]
 Spellcasting Skills
   attack spells      [Basic]
   healing spells     [Unskilled]
   divination spells  [Unskilled]
   enchantment spells [Basic]
   clerical spells    [Unskilled]
   escape spells      [Unskilled]
   matter spells      [Unskilled]

Voluntary challenges:
 Character rerolling was not enabled.
 You were an atheist.
 You never genocided any monsters.
 You never polymorphed an object.
 You never changed form.
 You used no wishes.
Achievement:
 You entered the Gnomish Mines.

 The Dungeons of Doom: levels 1 to 3
    Level 1:
       Some fountains.
    Level 2: <- You were here.
       Stairs down to The Gnomish Mines.
    Level 3:
 The Gnomish Mines:
    Level 3:


Vanquished creatures:
  a kitten
  a dwarf
  5 jackals
  a kobold zombie
  2 newts
10 creatures vanquished.

No species were genocided or became extinct.

Goodbye Kwijibo4686 the Wizard...

You quit in The Dungeons of Doom on dungeon level 2 with 205 points,
and 21 pieces of gold, after 467 moves.
You were level 2 with a maximum of 19 hit points when you quit.

